Unix NetHack Version 5.0.0-0 post-release - last build May  4 2026 22:22:43 (774f63e81ad911689b3a0859ea89b322d5daca8d,branch:main).

Game began 2026-05-07 12:05:44, ended 2026-05-07 12:15:28.

31245981910, neutral male human Priest

                                           --      -----
                                           |.- --- |...|
                                            ..--.--|...
                                             .....||..-
                                              ....--..|----
                                              -....... |..|
                                             --......---..--
                                -----        ..............--
                              ---.|.--#--    -.-............|
                              |...)..--.-----`..............|
                              |.....%.....-|................|
                              --.....%...).|.%..............---
                               ---..|......--.................|
                                 ------............(@f....*...------ -
                                      --...<.........................|
                                       |..................--- .-------
                                       ----...............|    |
                                          ---.....|...--.--
                                            ---..---.-----
                                              ---- ---
31245981910 the Acolyte      St:12 Dx:11 Co:15 In:11 Wi:18 Ch:9  Neutral
Dlvl:3  $:11 HP:0(29) Pw:22(22) AC:5  Xp:4 T:1758 

Latest messages:
 What do you want to wear? [m or ?*] m
 You finish your dressing maneuver.
 You see a boulder start to roll.
 The gnome wields a thonged club!
 The gnome secures the tether on the thonged club.
 The gnome throws a thonged club!
 A thonged club misses you.
 The thonged club returns to the gnome's hand!
 You kill the gnome!
 The gnome shoots an arrow!
 You are hit by an arrow.
 The gnome shoots an arrow!
 An arrow misses you.
 The gnome swings his bow.
 The gnome hits!
 You miss the gnome.
 You kill the gnome!
 You see here an arrow.
 You are beginning to feel hungry.
 What do you want to eat? [efjk or ?*] e
 This clove of garlic is delicious!
 You miss the gas spore.
 The dwarf picks up an arrow.
 You kill the gas spore!
 Boom!
 You are caught in the gas spore's explosion!
 The gnome hits!
 You hit the gnome.
 The gnome hits!
 You kill the gnome!
 You are beginning to feel hungry.
 You see here a whistle.
 What do you want to eat? [fjk or ?*] f
 Blecch!  Rotten food!
 The world spins and goes dark.
 You are conscious again.
 What do you want to eat? [fjk or ?*] f
 You consume the last bite of your meal.
 What do you want to eat? [jk or ?*] j
 My, this is a yummy slime mold!
 The kitten bites!
 The kitten bites!
 You miss the kitten.
 The kitten bites!
 You die...
 Do you want your possessions identified? [ynq] (y) y
 Do you want to see your attributes? [ynq] (y) y
 Do you want an account of creatures vanquished? [ynaq] (y) y
 Do you want to see your conduct and achievements? [ynq] (y) y
 Do you want to see the dungeon overview? [ynq] (y) y

Inventory:
 Coins    ('$')
  $ - 11 gold pieces
 Weapons  (')')
  a - a blessed +1 mace (weapon in right hand)
 Armor    ('[')
  m - a +0 pair of iron shoes (being worn)
  c - a +0 small shield (being worn)
  b - a +0 robe (being worn)
 Comestibles  ('%')
  k - 2 food rations
 Spellbooks  ('+')
  g - a spellbook of detect monsters
  h - a spellbook of light
 Potions  ('!')
  i - a potion of booze
  d - 4 potions of holy water
 Gems/Stones  ('*')
  n - a worthless piece of orange glass
  l - a worthless piece of white glass

31245981910 the Priest's attributes:

Background:
 You were an Acolyte, a level 4 human Priest.
 You were neutral, nominally on a mission for Raijin
 who was opposed by Amaterasu Omikami (lawful) and Susanowo (chaotic).
 You were right-handed.
 You were in the Gnomish Mines, on level 3.
 You entered the dungeon 1758 turns ago.
 You had 116 experience points, 44 more were needed to attain level 5.

Basics:
 You had 0 out of 29 hit points.
 You had all 22 energy points (spell power).
 Your armor class was 5.
 Your wallet contained 11 zorkmids.
 Autopickup was off.

Final Characteristics:
 Your strength was 12 (limit:18/100).
 Your dexterity was 11 (limit:18).
 Your constitution was 15 (limit:18).
 Your intelligence was 11 (limit:18).
 Your wisdom was 18 (limit:18).
 Your charisma was 9 (limit:18).

Final Status:
 You weren't hungry.
 You were unencumbered.
 You were wielding a mace.
 You had basic skill with mace.

Final Attributes:
 You were devoutly aligned.
 You were guarded.
 Your spell casting was enhanced by wearing a robe.
 You are dead.

Miscellaneous:
 You didn't encounter any bones levels.
 Total elapsed playing time was 9 minutes and 43 seconds.

Major events:
 Turn
    1: 31245981910 the neutral human Priest entered the dungeon
 1149: attained the rank of Acolyte (level 3)
 1642: entered the Gnomish Mines
 1758: killed by a kitten

Spells:
 Name                 Level Category     Fail Retention
 detect monsters        1   divination     0%  76%-100%
 light                  1   clerical       0%  91%-100%

Skills:
 Fighting Skills
   bare handed combat [Unskilled]
 Weapon Skills
   club               [Unskilled]
   mace               [Basic]
   morning star       [Unskilled]
   flail              [Unskilled]
   hammer             [Unskilled]
   quarterstaff       [Unskilled]
   polearms           [Unskilled]
   spear              [Unskilled]
   trident            [Unskilled]
   lance              [Unskilled]
   bow                [Unskilled]
   sling              [Unskilled]
   crossbow           [Unskilled]
   dart               [Unskilled]
   shuriken           [Unskilled]
   boomerang          [Unskilled]
   unicorn horn       [Unskilled]
 Spellcasting Skills
   healing spells     [Unskilled]
   divination spells  [Unskilled]
   clerical spells    [Basic]

Voluntary challenges:
 Character rerolling was not enabled.
 You were an atheist.
 You were illiterate.
 You never genocided any monsters.
 You never polymorphed an object.
 You never changed form.
 You used no wishes.
Achievements:
 You entered a shop.
 You attained the rank of Acolyte.
 You entered the Gnomish Mines.

 The Dungeons of Doom: levels 1 to 2
    Level 1:
    Level 2:
       A scroll shop, some fountains.
       Stairs down to The Gnomish Mines.
 The Gnomish Mines:
    Level 3: <- You were here.
       Final resting place for
          you, killed by a kitten.


Vanquished creatures:
  a shrieker
  a dwarf
  2 coyotes
  2 gas spores
  2 giant rats
  2 brown molds
  4 gnomes
  6 jackals
  2 foxes
  a goblin
  3 sewer rats
  3 grid bugs
  5 lichens
  8 newts
42 creatures vanquished.

No species were genocided or became extinct.

Game over:
                       ----------
                      /          \
                     /    REST    \
                    /      IN      \
                   /     PEACE      \
                  /                  \
                  |   31245981910    |
                  |      11 Au       |
                  |   killed by a    |
                  |      kitten      |
                  |                  |
                  |                  |
                  |       2026       |
                 *|     *  *  *      | *
        _________)/\\_//(\/(/\)/\//\/|_)_______

Goodbye 31245981910 the Priest...

You died in The Gnomish Mines on dungeon level 3 with 574 points,
and 11 pieces of gold, after 1758 moves.
You were level 4 with a maximum of 29 hit points when you died.

